 Dungeon Crawl Stone Soup version 0.22-a0-252-gcace5d2 (webtiles) character file.

74 Ijustatesigmund the Shield-Bearer (level 4, 0/41 HPs)
             Began as a Gnoll Fighter on Mar 1, 2018.
             Slain by a gnoll
             ... wielding a +0 spear
              (5 damage)
             ... on level 2 of the Dungeon.
             The game lasted 00:03:22 (684 turns).

Ijustatesigmund the Shield-Bearer (Gnoll Fighter)    Turns: 684, Time: 00:03:22

Health: 0/41       AC:  7    Str: 23    XL:     4   Next: 30%
Magic:  5/5        EV:  8    Int: 11    God:
Gold:   30         SH: 11    Dex: 15    Spells: 5/5 levels left

rFire    . . .     SeeInvis .   j - -2 whip (curse)
rCold    . . .     Gourm    .   c - +0 shield
rNeg     . . .     Faith    .   b - +0 scale mail
rPois    .         Spirit   .   (no helmet)
rElec    .         Reflect  .   (no cloak)
rCorr    .         Harm     .   (no gloves)
MR       .....                  (no boots)
Stlth    +.........             (no amulet)
HPRegen  0.13/turn              (no ring)
MPRegen  0.09/turn              (no ring)

@: mighty
A: distributed training, fangs 1, camouflage 1, blink, strong nose
a: Blink


You were on level 2 of the Dungeon.
You were not hungry.

You visited 1 branch of the dungeon, and saw 2 of its levels.

You collected 30 gold pieces.

Inventory:

Hand Weapons
 a - a +1 flail
 j - a cursed -2 whip (weapon)
Armour
 b - a +0 scale mail (worn)
 c - a +0 shield (worn)
Scrolls
 i - a scroll of fear
Potions
 e - a potion of brilliance
 g - a potion of flight
Comestibles
 f - a ration


   Skills:
 + Level 6.6 Fighting
 + Level 1.0 Short Blades
 + Level 1.0 Long Blades
 + Level 1.0 Axes
 + Level 4.6 Maces & Flails
 + Level 1.0 Polearms
 + Level 1.0 Staves
 + Level 1.0 Slings
 + Level 1.0 Bows
 + Level 1.0 Crossbows
 + Level 1.0 Throwing
 + Level 6.6 Armour
 + Level 1.0 Dodging
 + Level 1.0 Stealth
 + Level 6.6 Shields
 + Level 1.0 Unarmed Combat
 + Level 1.0 Spellcasting
 + Level 0.8 Conjurations
 + Level 0.8 Hexes
 + Level 0.8 Charms
 + Level 0.8 Summonings
 + Level 0.8 Necromancy
 + Level 0.8 Translocations
 + Level 0.8 Transmutations
 + Level 0.8 Fire Magic
 + Level 0.8 Ice Magic
 + Level 0.8 Air Magic
 + Level 0.8 Earth Magic
 + Level 0.8 Poison Magic
 + Level 1.1 Invocations
 + Level 1.0 Evocations


You had 5 spell levels left.
You didn't know any spells.

Dungeon Overview and Level Annotations

Branches:
Dungeon (2/15)

Altars:


Innate Abilities, Weirdness & Mutations

Your experience applies equally to all skills.
You have very sharp teeth.
Your uncanny sense of smell can sniff out nearby items.
Your skin changes colour to match your surroundings (Stealth+).
You can translocate small distances at will.


Message History

The gnoll hits you from afar with a spear.
You are too injured to fight recklessly!
You are too injured to fight recklessly!
You are too injured to fight recklessly!
You feel very mighty all of a sudden. The gnoll hits you with a club.
* * * LOW HITPOINT WARNING * * *
The gnoll barely misses you.
You hit the gnoll. You bite the gnoll.
The gnoll is severely wounded.
The gnoll completely misses you. You block the gnoll's attack.
You whack the gnoll!
You kill the gnoll!
The gnoll hits you with a spear!
* * * LOW HITPOINT WARNING * * *
You closely miss the gnoll. You block the gnoll's attack.
You whack the gnoll!
The gnoll is almost dead.
The gnoll hits you with a spear.
You die...

#######.....#.#
...........##.##
......#>........
.......)........
#......##.##
.####.<.#.....#
...........##..#
....##g........#
.♣. #@........#
.. #.#.#.#..## .
#)#.#.#..#
..#.#.# ..#
#..#.#.# ..
...#.# #......
...##.# .#.. ...


You could see a gnoll.

Vanquished Creatures
  2 gnolls (D:2)
  An ooze (D:1)
  2 dart slugs (D:1)
  3 leopard geckos
  2 ball pythons (D:1)
  5 giant cockroaches (D:1)
  2 goblins (D:1)
  4 hobgoblins (D:1)
  7 jackals (D:1)
  4 kobolds
  A bat (D:1)
  3 frilled lizards (D:1)
  4 rats (D:1)
40 creatures vanquished.

Vanquished Creatures (others)
  5 toadstools (D:1)
5 creatures vanquished.

Grand Total: 45 creatures vanquished

Notes
Turn   | Place    | Note
-------+----------+-------------------------------------------
     0 | D:1      | Ijustatesigmund the Gnoll Fighter began the quest for the Orb.
     0 | D:1      | Reached XP level 1. HP: 23/23 MP: 1/1
    19 | D:1      | Reached XP level 2. HP: 29/29 MP: 2/2
   148 | D:1      | Gained mutation: You can translocate small distances at will. [potion of mutation]
   148 | D:1      | Gained mutation: Your skin changes colour to match your surroundings (Stealth+). [potion of mutation]
   288 | D:1      | Reached XP level 3. HP: 32/35 MP: 3/3
   382 | D:1      | Reached skill level 1 in Invocations
   644 | D:2      | Reached skill level 1 in Short Blades
   644 | D:2      | Reached skill level 1 in Long Blades
   644 | D:2      | Reached skill level 1 in Axes
   644 | D:2      | Reached skill level 1 in Polearms
   644 | D:2      | Reached skill level 1 in Staves
   644 | D:2      | Reached skill level 1 in Slings
   644 | D:2      | Reached skill level 1 in Bows
   644 | D:2      | Reached skill level 1 in Crossbows
   644 | D:2      | Reached skill level 1 in Throwing
   644 | D:2      | Reached skill level 1 in Dodging
   644 | D:2      | Reached skill level 1 in Stealth
   644 | D:2      | Reached skill level 1 in Unarmed Combat
   644 | D:2      | Reached skill level 1 in Spellcasting
   644 | D:2      | Reached skill level 1 in Evocations
   670 | D:2      | Reached XP level 4. HP: 29/41 MP: 5/5
   684 | D:2      | Slain by a gnoll

Vault maps used:
D:1:      ldierk_walled_garden
D:2:      wad_pebble_path, lemuel_round_altar, grunt_temple_overflow_open,
          minmay_misc_feat_plants

Skill      XL: |  1  2  3 |
---------------+----------+-----
Invocations    | 1 |  1.1
Short Blades   | 1 |  1.0
Long Blades    | 1 |  1.0
Axes           | 1 |  1.0
Polearms       | 1 |  1.0
Staves         | 1 |  1.0
Slings         | 1 |  1.0
Bows           | 1 |  1.0
Crossbows      | 1 |  1.0
Throwing       | 1 |  1.0
Dodging        | 1 |  1.0
Stealth        | 1 |  1.0
Unarmed Combat | 1 |  1.0
Spellcasting   | 1 |  1.0
Evocations     | 1 |  1.0
Fighting       | |  6.6
Maces & Flails | |  4.6
Armour         | |  6.6
Shields        | |  6.6
Conjurations   | |  0.8
Hexes          | |  0.8
Charms         | |  0.8
Summonings     | |  0.8
Necromancy     | |  0.8
Translocations | |  0.8
Transmutations | |  0.8
Fire Magic     | |  0.8
Ice Magic      | |  0.8
Air Magic      | |  0.8
Earth Magic    | |  0.8
Poison Magic   | |  0.8

Action                   |  1- 3 |  4- 6 || total
-------------------------+-------+-------++-------
Melee: Flail             |    85 |       ||    85
       Whip              |    10 |    12 ||    22
       Bite              |     2 |     1 ||     3
  Use: Scroll            |     6 |       ||     6
       Potion            |     1 |     1 ||     2
 Stab: Sleeping          |     2 |       ||     2
Armor: Scale mail        |    34 |     1 ||    35
Dodge: Dodged            |    28 |     5 ||    33
Block: Shield            |    45 |     4 ||    49

Table legend:
 A = Spawn XP
 B = Non-spawn XP
 C = Spawn XP percentage of total XP
 D = Spawn monster count
 E = Non-spawn monster count
 F = Spawn count percentage of total count
 G = Total turns spent on level
                    A         B        C        D         E        F      G
               +---------+---------+-------+---------+---------+-------+---------
         Total |       0 |     107 |   0.0 |       0 |      40 |   0.0 |   684
               +---------+---------+-------+---------+---------+-------+---------
           D:1 |       0 |      75 |   0.0 |       0 |      36 |   0.0 |   638
           D:2 |       0 |      32 |   0.0 |       0 |       4 |   0.0 |    46
               +---------+---------+-------+---------+---------+-------+---------
